 Dungeon Crawl Stone Soup version 0.28.0-53-g5a82cb258f (webtiles) character file.

Game seed: 16895393191908597108

5876 cbfl8 the Cleaver (level 10, -5/93 HPs)
             Began as a Minotaur Berserker on July 27, 2022.
             Was a High Priest of Trog.
             Succumbed to a kobold brigand's curare-tipped dart
             ... on level 7 of the Dungeon.
             The game lasted 00:11:50 (10987 turns).

cbfl8 the Cleaver (Minotaur Berserker)             Turns: 10987, Time: 00:11:51

Health: -5/93      AC: 15    Str: 22    XL:     10   Next: 52%
Magic:  9/9        EV: 10    Int:  4    God:    Trog [*****.]
Gold:   389        SH:  0    Dex: 20    Spells: 9/9 levels left

rFire   . . .      SeeInvis +   o - +0 broad axe
rCold   . . .      Faith    .   (no shield)
rNeg    . . .      Spirit   .   r - +0 plate armour
rPois   .          Reflect  .   H - +1 hat
rElec   .          Harm     .   (no cloak)
rCorr   .          Rampage  .   j - +0 pair of gloves
Will    .....                   (no boots)
Stlth   ..........              (no amulet)
HPRegen 0.25/turn               y - ring of see invisible
MPRegen 0.11/turn               g - +6 ring of dexterity

@: lethally poisoned (-5 -> -34), slowed, very slow
A: horns 2, retaliatory headbutt
a: Renounce Religion, Berserk, Trog's Hand, Brothers in Arms


You were on level 7 of the Dungeon.
You worshipped Trog.
Trog was extremely pleased with you.
You visited 1 branch of the dungeon, and saw 9 of its levels.
You also visited: Sewer.

You collected 389 gold pieces.

Inventory:

Hand Weapons
 a - a +0 hand axe
 b - a +0 war axe
 e - a +1 vorpal war axe
 o - a +0 broad axe (weapon)
Missiles
 h - a throwing net
Armour
 j - a +0 pair of gloves (worn)
 q - a +0 chain mail
 r - a +0 plate armour (worn)
 H - a +1 hat (worn)
Jewellery
 d - a +6 ring of intelligence
 g - a +6 ring of dexterity (right hand)
 y - a ring of see invisible (left hand)
Wands
 l - a wand of polymorph (9)
 C - a wand of charming (11) (quivered)
Scrolls
 i - 3 scrolls of amnesia
 k - a scroll of magic mapping {unknown}
 n - a scroll of summoning
 s - a scroll of enchant weapon
 x - 2 scrolls of holy word
 D - a scroll of teleportation
 F - a scroll of noise
 G - a scroll of enchant armour {unknown}
 J - a scroll of blinking {unknown}
Potions
 c - 2 potions of haste {unknown}
 f - a potion of brilliance {unknown}
 m - 3 potions of curing {unknown}
 p - 2 potions of degeneration {unknown}
 t - a potion of magic {unknown}
 u - 3 potions of heal wounds
 v - 2 potions of might {unknown}
 w - 3 potions of invisibility
 z - 2 potions of attraction {unknown}
 A - 4 potions of lignification
 B - 2 potions of berserk rage {unknown}
 E - 2 potions of cancellation {unknown}
 I - a potion of resistance {unknown}


   Skills:
 * Level 10.0 Fighting
 + Level 11.0 Axes
 + Level 7.8 Armour
 * Level 6.3 Dodging
 * Level 4.3 Stealth
 * Level 4.3 Evocations


You had 9 spell levels left.
You didn't know any spells.
Your spell library was empty.

Dungeon Overview and Level Annotations

Branches:
Dungeon (9/15)             Temple (0/1) D:4           Sewer (visited)
   Lair: D:8-11         Orc: D:9-12

Altars:
Ru
Yredelemnul
The Shining One

Shops:
D:5 *   D:8 *

Annotations:
D:6 2 transporters, angelusfrater's ghost, novice TrFi
D:7 3 runed translucent doors, BeAPotato's ghost, novice MiMo


Innate Abilities, Weirdness & Mutations

You have a pair of horns on your head.
You reflexively headbutt those who attack you in melee.


Message History

You barely miss the kobold.
You feel very sick. The kobold completely misses you.
The kobold brigand throws a curare-tipped dart.
The curare-tipped dart barely misses you.
The curare-tipped dart hits the kobold.
The kobold is poisoned.
The kobold convulses.
The kobold dies!
The kobold brigand throws a curare-tipped dart.
The curare-tipped dart hits you.
You are more poisoned.
You have difficulty breathing.
You feel as though you will be slow longer.
The kobold demonologist mumbles some strange words.
You closely miss the kobold demonologist.
You headbutt the kobold demonologist.
The kobold demonologist is lightly wounded.
You hit the sun demon but do no damage.
You feel extremely sick.
The kobold demonologist mumbles some strange words.
The sun demon barely misses you.
The kobold demonologist hits you but does no damage.
You feel very sick. The sun demon hits you!
You are engulfed in flames!
The kobold brigand throws a curare-tipped dart.
The curare-tipped dart hits you.
You are lethally poisoned!
You have difficulty breathing.
* * * LOW HITPOINT WARNING * * *
You feel as though you will be slow longer.
The kobold demonologist barely misses you.
The sun demon hits you.
* * * LOW HITPOINT WARNING * * *
You are engulfed in flames!
* * * LOW HITPOINT WARNING * * *
You climb upwards.
The sun demon disappears in a puff of smoke!
The crimson imp disappears in a puff of smoke!
Level annotation: 3 runed translucent doors, BeAPotato's ghost, novice MiMo You die...

###....# ####.##'####
#.## #......#
#..........# ##.#.
#.##'###
#.###.#.##.#########..#.
#.##.#
#.#...#.##.#..........#.
#'#<.#
#.#................##.##
.....#
#.#.##..##.#.......##..#
.....#
#.#.##..#..............#
.....#
#.#.#.†[K.....######..##
###### #.#<#.#@[....##
#..#. #.###.###....#
#..#. #.# #.# #....#
#..## #.###'###....#
#...# #)#.....######
#...# #.#.....# ##...
#.......# ###. #########
##


You could see a kobold demonologist.

Vanquished Creatures
  Harold (D:7)
  Pikel (D:7)
  A manticore (D:7)
  A kobold demonologist (D:7)
  An unseen horror (D:7)
  3 yaks (D:8)
  A human (D:3)
  A water moccasin (D:5)
  A hornet zombie (D:9)
  2 sky beasts
  2 orc warriors
  An ice beast (D:8)
  A black bear (D:5)
  4 ogres
  2 necrophages
  A centaur (D:7)
  4 kobold brigands
  2 lemures (D:7)
  2 bullfrogs
  2 wyvern zombies
  A scorpion (D:4)
  2 water moccasin skeletons
  2 howler monkeys
  2 centaur zombies
  2 jellies (D:7)
  A centaur skeleton (D:6)
  2 hounds
  6 orc priests
  A human zombie (D:3)
  Ijyb (D:3)
  3 iguanas
  3 orc wizards
  A howler monkey zombie (D:8)
  Robin (D:3)
  4 gnolls
  7 river rats (Sewer)
  12 adders
  An ufetubus (D:5)
  2 worms
  4 dart slugs
  28 orcs
  6 endoplasms
  5 giant cockroaches
  11 goblins
  10 hobgoblins
  6 quokkas
  15 ball pythons
  3 bats
  4 frilled lizards
  A jackal zombie (D:3)
  30 kobolds
  29 rats
240 creatures vanquished.

Vanquished Creatures (collateral kills)
  An orc warrior (D:7)
  A gnoll sergeant (D:7)
  2 gnolls (D:7)
4 creatures vanquished.

Vanquished Creatures (others)
  A kobold (D:8)
  2 demonic plants (D:1)
  2 fungi (D:1)
  5 plants
10 creatures vanquished.

Grand Total: 254 creatures vanquished

Notes
Turn   | Place    | Note
-------+----------+-------------------------------------------
     0 | D:1      | cbfl8 the Minotaur Berserker began the quest for the Orb.
     0 | D:1      | Reached XP level 1. HP: 19/19 MP: 0/0
   311 | D:1      | Reached skill level 4 in Axes
   311 | D:1      | Reached XP level 2. HP: 21/27 MP: 1/1
   462 | D:1      | Found a faded altar of an unknown god.
  1036 | D:2      | Reached XP level 3. HP: 30/33 MP: 2/2
  1342 | D:2      | Reached XP level 4. HP: 30/41 MP: 3/3
  1664 | D:2      | Reached skill level 5 in Axes
  2017 | D:3      | Reached ** piety under Trog
  2238 | D:3      | Reached XP level 5. HP: 47/47 MP: 4/4
  2264 | D:3      | Noticed Robin
  2265 | D:3      | Noticed Ijyb
  2273 | D:3      | Killed Ijyb
  2274 | D:3      | Killed Robin
  2498 | D:3      | Found a runed translucent door.
  2498 | D:3      | Noticed a human
  2514 | D:3      | Reached skill level 5 in Fighting
  2514 | D:3      | Reached skill level 6 in Axes
  2518 | D:3      | Reached XP level 6. HP: 35/56 MP: 5/5
  2635 | D:3      | Found a basalt altar of Yredelemnul.
  2652 | D:3      | Killed a human
  3009 | D:4      | Found a glowing drain.
  3040 | D:4      | Reached skill level 7 in Axes
  3061 | Sewer    | Entered a sewer
  3194 | Sewer    | Reached *** piety under Trog
  3363 | Sewer    | Reached XP level 7. HP: 54/61 MP: 6/6
  3583 | Sewer    | Reached **** piety under Trog
  4188 | D:4      | Reached skill level 8 in Axes
  4257 | D:4      | Reached skill level 1 in Stealth
  4584 | D:4      | Found a staircase to the Ecumenical Temple.
  4847 | D:5      | Entered Level 5 of the Dungeon
  4858 | D:5      | Reached skill level 1 in Evocations
  4858 | D:5      | Reached XP level 8. HP: 25/71 MP: 7/7
  5416 | D:5      | Reached skill level 5 in Armour
  5419 | D:5      | Found Icovown's Assorted Antiques.
  6718 | D:6      | Reached skill level 9 in Axes
  6877 | D:6      | Found a glowing golden altar of the Shining One.
  7096 | D:6      | Reached XP level 9. HP: 13/80 MP: 8/8
  7449 | D:6      | Found a transporter.
  7449 | D:6      | Found a transporter.
  7450 | D:6      | Noticed angelusfrater's ghost (novice TrFi)
  7693 | D:7      | Noticed an unseen horror
  7704 | D:7      | Killed an unseen horror
  7705 | D:7      | Reached skill level 5 in Dodging
  7804 | D:7      | Noticed Pikel
  7829 | D:7      | Killed Pikel
  8444 | D:7      | Noticed Harold
  8454 | D:7      | Reached skill level 10 in Axes
  8461 | D:7      | Killed Harold
  8481 | D:7      | Reached ***** piety under Trog
  8485 | D:7      | Reached XP level 10. HP: 63/91 MP: 9/9
  9037 | D:7      | Found a runed translucent gate.
  9038 | D:7      | Found a runed translucent gate.
  9039 | D:7      | Found a runed translucent gate.
  9067 | D:7      | Noticed BeAPotato's ghost (novice MiMo)
  9832 | D:8      | Noticed a manticore
 10326 | D:8      | Found Cerid's Assorted Antiques.
 10353 | D:8      | Found a sacrificial altar of Ru.
 10801 | D:7      | Killed a manticore
 10806 | D:7      | Reached skill level 10 in Fighting
 10806 | D:7      | Reached skill level 11 in Axes
 10985 | D:8      | Noticed a sun demon
 10987 | D:7      | Succumbed to a kobold brigand's curare-tipped dart

Illustrated notes

Levels and vault maps discovered:
D:1:      wander_arrival_peaceful_grave, layout_rooms,
          shapermc_ecumenical_altar_gd
D:2:      layout_basic
D:3:      layout_loops_ring, dk_yredelemnul_ordeal, uniq_robin, uniq_ijyb
D:4:      minmay_spotlight, layout_cave_pools, minmay_temple_entry_antechambers,
          gup_sewer_entry_glass, st_stairs_7
D:5:      layout_loops_cross, serial_shops, shop_fountains
D:6:      layout_loops_ring, tso_altar, gammafunk_ghost_smash
D:7:      layout_basic, gammafunk_ghost_icy, uniq_pikel, uniq_harold
D:8:      minmay_slanted_spiral_squares, layout_cave_pools,
          nicolae_ru_awakened_eye, serial_shops, nicolae_shop_overgrown_old_shop
D:9:      layout_basic, mainiacjoe_overflow_alcove_4

Skill      XL: |  1  2  3  4  5  6  7  8  9 10 |
---------------+-------------------------------+-----
Axes           | 4 5 6 7 8 9 10 11 | 11.0
Fighting       | 4 5 6 7 9 10 | 10.0
Dodging        | 3 4 5 6 |  6.3
Armour         | 3 4 6 7 |  7.8
Stealth        | 1 2 3 4 |  4.3
Evocations     | 1 2 3 4 |  4.3

Action                   |  1- 3 |  4- 6 |  7- 9 | 10-12 || total
-------------------------+-------+-------+-------+-------++-------
Melee: Hand axe          |    78 |   161 |   177 |       ||   416
       Headbutt          |    10 |    26 |    71 |    22 ||   129
       Punch             |     1 |     3 |     1 |     2 ||     7
       War axe           |       |       |    91 |    26 ||   117
       Broad axe         |       |       |       |    54 ||    54
Invok: Berserk           |       |     2 |     4 |     2 ||     8
       Brothers in Arms  |       |       |     1 |       ||     1
Evoke: Wand              |       |       |       |     2 ||     2
  Use: Scroll            |       |       |     8 |     4 ||    12
 Stab: Sleeping          |       |     1 |       |       ||     1
Armor: Animal skin       |     6 |       |       |       ||     6
       Leather armour    |     5 |       |       |       ||     5
       Ring mail         |       |    23 |       |       ||    23
       Chain mail        |       |    41 |   134 |     6 ||   181
       Plate armour      |       |       |       |    50 ||    50
Dodge: Dodged            |    42 |    76 |   135 |    67 ||   320
